 Dungeon Crawl Stone Soup version 0.30-a0-596-g0af90f9a20 (webtiles) character file.

Game seed: 2433195488001417951

168 bmack86 the Trooper (level 5, -2/48 HPs)
             Began as a Minotaur Fighter on Jan 7, 2023.
             Slain by a gnoll
             ... wielding a +0 club
              (4 damage)
             ... on level 3 of the Dungeon.
             The game lasted 00:06:09 (1791 turns).

bmack86 the Trooper (Minotaur Fighter)              Turns: 1791, Time: 00:06:10

Health: -2/48      AC:  7    Str: 22    XL:     5   Next: 24%
Magic:  4/4        EV:  9    Int:  5    God:
Gold:   144        SH:  4    Dex: 10    Spells: 4/4 levels left

rFire   . . .      SeeInvis .    a - +0 war axe
rCold   + . .      Faith    .    c - +0 buckler
rNeg    . . .      Spirit   .    b - +0 scale mail
rPois   .          Reflect  .    (helmet restricted)
rElec   .          Harm     .    (no cloak)
rCorr   .          Rampage  .    (no gloves)
Will    +....                    (no boots) Stlth
                                 (no amulet)
HPRegen 0.28/turn                n - ring of protection from cold
MPRegen 0.09/turn                r - ring of willpower

@: no status effects
A: horns 2, retaliatory headbutt
a: no special abilities


You were on level 3 of the Dungeon.
You visited 1 branch of the dungeon, and saw 3 of its levels.

You collected 144 gold pieces.

Inventory:

Hand Weapons
 a - a +0 war axe (weapon)
 s - a +0 battleaxe
Armour
 b - a +0 scale mail (worn)
 c - a +0 buckler (worn)
Jewellery
 n - a ring of protection from cold (left hand)
 r - a ring of willpower (right hand)
Wands
 t - a wand of acid (9)
Scrolls
 f - 5 scrolls of identify {unknown}
 g - a scroll of fog {unknown}
 k - 2 scrolls of blinking {unknown}
 o - a scroll of enchant armour {unknown}
 v - a scroll of amnesia {unknown}
Potions
 d - 2 potions of might
 e - 4 potions of curing {unknown}
 h - a potion of degeneration {unknown}
 i - a potion of brilliance {unknown}
 j - 3 potions of lignification {unknown}
 l - a potion of resistance {unknown}
 m - 2 potions of heal wounds {unknown}
 p - a potion of invisibility {unknown}
 q - a potion of attraction {unknown}
 u - a potion of mutation {unknown}


   Skills:
 * Level 5.1 Fighting
 * Level 4.2 Axes
 + Level 4.5 Armour
 + Level 4.3 Shields


You had 4 spell levels left.
You didn't know any spells.
Your spell library contained the following spells:

 Spells                   Type           Power      Damage    Failure   Level
 Sting                    Tmut/Pois      0%         1d3       87%         1
 Poisonous Vapours        Pois/Air       0%         N/A       95%         2
 Olgreb's Toxic Radiance  Pois           0%         N/A       100%        4


Dungeon Overview and Level Annotations

Branches:
Dungeon (3/15)

Altars:
Xom

Shops:
D:1 *


Innate Abilities, Weirdness & Mutations

You have a pair of horns on your head.
You reflexively headbutt those who attack you in melee.


Message History

The gnoll hits you with a +0 halberd.
You barely miss the gnoll. Your headbutt misses the gnoll.
The gnoll closely misses you. The gnoll barely misses you.
You hit the gnoll.
The gnoll is lightly wounded.
The gnoll barely misses you. The gnoll hits you but does no damage.
You slash the gnoll!
The gnoll is severely wounded.
You block the gnoll's attack. The gnoll hits you with a +0 halberd.
The gnoll hits you from afar with a +0 spear.
The gnoll barely misses you. You furiously retaliate!
You headbutt the gnoll, but do no damage.
You hit the gnoll but do no damage.
The gnoll is severely wounded.
The gnoll hits you with a +0 halberd!
The gnoll hits you from afar with a +0 spear.
You slash the gnoll!
You kill the gnoll!
The gnoll barely misses you.
You barely miss the gnoll. You block the gnoll's attack.
The gnoll hits you with a +0 club. The gnoll closely misses you.
You furiously retaliate!
You headbutt the gnoll.
The gnoll hits you from afar with a +0 spear.
You barely miss the gnoll.
The gnoll is heavily wounded.
The gnoll hits you from afar with a +0 spear.
The gnoll hits you with a +0 club.
* * * LOW HITPOINT WARNING * * *
You completely miss the gnoll.
The gnoll is heavily wounded.
The gnoll hits you from afar with a +0 spear.
* * * LOW HITPOINT WARNING * * *
The gnoll hits you with a +0 club.
* * * LOW HITPOINT WARNING * * *
You closely miss the gnoll. Your headbutt misses the gnoll.
The gnoll is heavily wounded.
The gnoll hits you from afar with a +0 spear.
* * * LOW HITPOINT WARNING * * *
The gnoll hits you with a +0 club.
You die...

# #.# # ## #######
#.#.# .. #.....#
#.#.##### ## #.....#
#)#...... .. ......#
#........ .. #.....#
#........ ## #.....#
#.. #.# # ###.### #.#
#.# # #.# #.# #@# #.#
#.###g###### #.#
#...gg.....#
#.########.###.####.#
#..[.......##...###.##
######......†.........
#####.##..†....###.##
#.....#..#..#.##
#.#####....##..g.gg.#


You could see 2 gnolls and a hobgoblin.

Vanquished Creatures
  Jessica (D:2)
  Ijyb (D:3)
  3 adders (D:2)
  2 gnolls
  A worm (D:2)
  3 dart slugs (D:3)
  4 orcs (D:3)
  6 ball pythons
  6 bats
  4 endoplasms
  3 giant cockroaches
  3 goblins (D:2)
  4 hobgoblins
  2 jackals (D:2)
  A quokka (D:1)
  6 frilled lizards
  8 kobolds
  4 rats
62 creatures vanquished.

Notes
Turn   | Place    | Note
-------+----------+-------------------------------------------
     0 | D:1      | bmack86 the Minotaur Fighter began the quest for the Orb.
     0 | D:1      | Reached XP level 1. HP: 19/19 MP: 0/0
    87 | D:1      | Found Tunut's Assorted Antiques.
   188 | D:1      | Reached XP level 2. HP: 26/27 MP: 1/1
   268 | D:1      | Reached skill level 4 in Fighting
   575 | D:2      | Reached XP level 3. HP: 33/33 MP: 2/2
   874 | D:2      | Noticed Jessica
   884 | D:2      | Killed Jessica
   885 | D:2      | Reached XP level 4. HP: 4/41 MP: 3/3
  1534 | D:3      | Found a shimmering altar of Xom.
  1561 | D:3      | Noticed Ijyb
  1566 | D:3      | Killed Ijyb
  1567 | D:3      | Reached XP level 5. HP: 41/47 MP: 4/4
  1638 | D:3      | Reached skill level 5 in Fighting
  1791 | D:3      | HP: 2/48 [gnoll/+0 spear (3)]
  1791 | D:3      | Slain by a gnoll

Illustrated notes

Levels and vault maps discovered:
D:1:      dpeg_arrival_more_subterranean_lakeside_camping, layout_rooms,
          serial_shops, shop
D:2:      layout_basic, minmay_quadrilaterals, uniq_jessica
D:3:      layout_loops_ring, xom_teletrap_fun, uniq_ijyb

Skill      XL: |  1  2  3  4  5 |
---------------+----------------+-----
Fighting       | 4 5 |  5.1
Axes           | 3 4 |  4.2
Armour         | 4 |  4.5
Shields        | 4 |  4.3

Action                   |  1- 3 |  4- 6 || total
-------------------------+-------+-------++-------
Melee: War axe           |    58 |    69 ||   127
       Headbutt          |     3 |     6 ||     9
Armor: Scale mail        |    34 |    31 ||    65
Dodge: Dodged            |    33 |    40 ||    73
Block: Buckler           |    15 |    17 ||    32

Table legend: (Time is in decaauts)
 A = Elapsed time spent in this place.
 B = Non-inter-level travel time spent in this place.
 C = Inter-level travel time spent in this place.
 D = Time resting spent in this place.
 E = Time spent auto-exploring this place.
 F = Levels seen in this place.
 G = Mean time per level.
                   A        B        C        D        E       F      G
               +--------+--------+--------+--------+--------+-----+--------+
         Total |   1839 |   1823 |     16 |    143 |   1147 |   3 |  613.0 |
       Dungeon |   1839 |   1823 |     16 |    143 |   1147 |   3 |  613.0 |
               +--------+--------+--------+--------+--------+-----+--------+

Top non-repeatable levels by time:
     D:2: 935 daAuts
     D:1: 581 daAuts
     D:3: 323 daAuts
